Map: Szmaragdowe Miasto ER

Players

Legol

  • Race: Protoss Protoss
  • Spawn Location: 5:00

crazysky

  • Race: Terran Terran
  • League: Platinum
  • Spawn Location: 5:00

bobel

  • Race: Protoss Protoss
  • Spawn Location: 11:00

Schraube

  • Race: Protoss Protoss
  • League: Silver
  • Spawn Location: 11:00

VOD

Have the link to the VOD?

Description

Time

  • Played on: Dec. 27, 2019, 2:57 p.m.
  • Length: 17:01
Show
View Real Time Build Order
Export as new Build Order

Legol Protoss 

Build Orders: Oracle Opening 

Get SALT Encoding   

  12  0:01  Probe  
  13  0:13  Probe  
  14  0:27  Pylon  
  14  0:28  Probe  
  15  0:40  Assimilator  
  15  0:46  Gateway  
  15  0:47  Probe (Chrono Boost)  
  16  0:56  Probe (Chrono Boost)  
  17  1:01  Probe (Chrono Boost)  
  18  1:13  Probe (Chrono Boost)  
  18  1:18  Pylon  
  19  1:19  Probe (Chrono Boost)  
  20  1:27  Probe  
  21  1:32  Cybernetics Core  
  21  1:39  Probe  
  22  1:40  Assimilator  
  22  1:51  Probe  
  23  2:03  Probe  
  24  2:12  Warp Gate, Stargate  
  24  2:38  Gateway  
  24  2:43  Nexus  
  24  2:53  Oracle (Chrono Boost)  
  27  3:00  Probe  
  28  3:12  Probe  
  29  3:15  Pylon  
  28  3:24  Probe  
  28  3:35  Stalker (Chrono Boost)  
  28  3:36  Probe  
  33  3:46  Stalker (Chrono Boost)  
  33  3:48  Probe  
  22  4:32  Probe (Chrono Boost)  
  23  4:42  Probe (Chrono Boost)  
  23  4:44  Stalker x2  
  28  4:49  Probe (Chrono Boost)  
  28  4:50  Probe (Chrono Boost)  
  30  4:59  Probe (Chrono Boost)  
  32  5:00  Void Ray (Chrono Boost)  
  32  5:01  Probe (Chrono Boost)  
  32  5:04  Probe (Chrono Boost)  
  37  5:10  Probe  
  38  5:15  Probe  
  38  5:18  Pylon  
  39  5:27  Probe  
  32  5:57  Stalker  
  32  5:58  Stalker  
  32  6:03  Probe (Chrono Boost)  
  38  6:12  Probe (Chrono Boost)  
  38  6:13  Probe (Chrono Boost)  
  38  6:18  Probe x2 (Chrono Boost)  
  41  6:29  Probe  
  41  6:30  Probe  
  42  6:41  Probe  
  42  6:42  Probe  
  36  6:53  Probe  
  33  6:54  Probe, Stalker x2  
  37  7:08  Probe (Chrono Boost)  
  37  7:09  Probe (Chrono Boost)  
  37  7:12  Oracle  
  38  7:20  Probe (Chrono Boost)  
  42  7:37  Stalker  
  42  7:42  Probe (Chrono Boost)  
  46  7:52  Probe (Chrono Boost)  
  46  7:57  Probe (Chrono Boost)  
  47  8:09  Probe, Void Ray  
  52  8:21  Probe  
  53  8:33  Probe  
  54  8:37  Probe  
  54  8:40  Stalker  
  57  8:45  Probe  
  58  8:49  Probe  
  59  8:58  Probe (Chrono Boost)  
  59  9:01  Probe (Chrono Boost)  
  62  9:12  Gateway  
  62  9:14  Probe (Chrono Boost)  
  62  9:15  Gateway  
  62  9:16  Pylon  
  62  9:21  Pylon  
  62  9:25  Pylon  
  62  9:33  Probe (Chrono Boost), Oracle (Chrono Boost)  
  62  9:35  Probe  
  67  9:43  Stalker x2  
  67  9:44  Probe  
  72  9:47  Probe  
  72  9:48  Assimilator  
  72  9:52  Assimilator  
  73  9:56  Probe  
  73  9:58  Forge  
  73  9:59  Probe  
  75  10:11  Probe (Chrono Boost)  
  77  10:21  Probe (Chrono Boost)  
  77  10:26  Probe (Chrono Boost)  
  77  10:27  Stalker  
  77  10:28  Stalker x3  
  84  10:35  Twilight Council  
  86  10:36  Pylon  
  86  10:38  Pylon  
  86  10:41  Pylon  
  86  10:54  Probe  
  86  10:56  Void Ray  
  91  11:06  Probe  
  91  11:07  Nexus  
  91  11:08  Robotics Facility  
  93  11:12  Probe (Chrono Boost)  
  93  11:18  Probe (Chrono Boost)  
  95  11:27  Probe x2 (Chrono Boost)  
  95  11:28  Protoss Ground Weapons Level 1 (Chrono Boost)  
  95  11:32  Probe (Chrono Boost)  
  97  11:40  Pylon  
  97  11:42  Pylon  
  97  11:44  Probe  
  98  12:08  Stalker x2  
  98  12:09  Stalker x2  
  98  12:11  Immortal (Chrono Boost)  
  110  12:18  Void Ray  
  114  12:33  Probe  
  114  12:34  Probe x2  
  114  12:45  Probe  
  114  12:46  Probe x2  
  114  12:58  Probe, Gateway  
  115  13:01  Gateway  
  115  13:02  Pylon  
  115  13:04  Pylon, Gateway  
  115  13:05  Stalker x4  
  117  13:10  Gateway  
  123  13:18  Immortal  
  127  13:23  Protoss Ground Armor Level 1 (Chrono Boost)  
  127  13:27  Oracle (Chrono Boost)  
  130  13:41  Templar Archives  
  130  13:43  Probe x3  
  130  13:47  Assimilator  
  133  13:51  Assimilator, Photon Cannon  
  133  13:54  Photon Cannon  
  133  13:55  Probe x3  
  134  13:57  Photon Cannon  
  136  14:11  Forge  
  136  14:20  High Templar x2  
  136  14:21  High Templar x5  
  150  14:25  Archon x3  
  150  14:26  Charge (Chrono Boost)  
  150  14:33  Zealot  
  152  14:46  Warp Prism  
  151  15:07  Stalker x3  
  151  15:13  Pylon  
  157  15:15  Pylon  
  157  15:16  Pylon  
  65  15:50  Stalker x4  
  65  15:51  Stalker x4  
  75  16:14  Stalker  
  75  16:15  Stalker x7  
Show
View Real Time Build Order
Export as new Build Order

crazysky Terran 

Build Orders:  

Get SALT Encoding   

  12  0:00  SCV  
  13  0:14  SCV  
  14  0:23  Supply Depot  
  14  0:31  SCV  
  15  0:37  Refinery x2  
  15  0:48  Barracks  
  15  0:52  SCV  
  16  1:04  SCV  
  17  1:16  SCV  
  18  1:44  Factory  
  18  1:46  Orbital Command  
  18  1:54  Marine  
  18  1:56  Supply Depot  
  19  2:12  Marine  
  20  2:15  Engineering Bay  
  20  2:18  SCV  
  21  2:25  Bunker  
  21  2:35  Starport  
  21  2:55  Armory  
  21  3:01  Starport  
  21  3:07  Missile Turret  
  21  3:08  SCV  
  22  3:35  Starport Reactor  
  22  3:40  Sensor Tower  
  22  3:44  Starport Reactor  
  22  3:46  Terran Ship Weapons Level 1  
  22  3:49  Marine  
  23  4:07  Marine  
  22  4:19  Viking  
  22  4:20  Viking  
  22  4:22  SCV  
  27  4:25  Marine  
  28  4:42  Viking  
  30  4:57  Supply Depot  
  30  4:58  Supply Depot  
  30  5:01  Supply Depot  
  30  5:11  Marine  
  31  5:18  Viking x2  
  35  6:04  Factory Tech Lab  
  35  6:06  Viking x3  
  35  6:07  Viking  
  35  6:09  Terran Vehicle And Ship Armor Level 1  
  43  6:36  Viking x2  
  43  7:02  Viking  
  43  7:03  Viking  
  43  7:06  Viking  
  49  7:12  Siege Tank  
  52  7:28  Command Center  
  52  7:32  SCV  
  53  7:49  Viking  
  55  8:14  Starport  
  55  8:34  Refinery  
  55  8:39  Viking  
  57  8:49  Refinery  
  53  9:16  Viking x4  
  61  9:20  Starport Reactor  
  57  9:46  Viking  
  59  9:54  Orbital Command  
  59  9:57  Terran Ship Weapons Level 2  
  59  10:01  Viking x2  
  63  10:09  Supply Depot  
  63  10:13  Viking  
  35  11:04  Viking x2  
  35  11:05  Viking  
  41  11:13  Missile Turret  
  41  11:27  Viking  
  43  11:39  Sensor Tower  
  43  11:42  SCV  
  44  11:53  Viking  
  44  11:54  SCV  
  47  11:56  Viking  
  49  12:07  Sensor Tower  
  49  12:24  Viking x3  
  49  12:25  Viking  
  57  12:38  Viking  
  59  12:52  Terran Ship Weapons Level 3  
  49  13:32  Viking  
  49  13:33  Viking x4  
  59  13:40  SCV  
  60  13:52  SCV  
  61  14:08  Viking x3  
  67  14:18  SCV  
  68  14:31  SCV  
  69  14:37  Viking x3  
  75  14:46  Supply Depot  
  75  14:53  Supply Depot  
Show
View Real Time Build Order
Export as new Build Order

bobel Protoss 

Build Orders: 1 Gate Expand 

Get SALT Encoding   

  12  0:24  Probe (Chrono Boost)  
  13  0:29  Pylon  
  13  0:34  Probe (Chrono Boost)  
  14  0:39  Probe (Chrono Boost)  
  15  0:50  Probe  
  15  0:52  Gateway  
  16  0:57  Assimilator  
  16  1:02  Probe (Chrono Boost)  
  17  1:13  Probe (Chrono Boost)  
  17  1:18  Probe (Chrono Boost)  
  19  1:30  Nexus  
  19  1:36  Probe  
  20  1:44  Cybernetics Core  
  20  1:48  Probe  
  21  1:55  Pylon  
  21  2:00  Assimilator, Probe  
  22  2:11  Gateway  
  22  2:14  Probe  
  23  2:19  Warp Gate (Chrono Boost)  
  23  2:26  Probe  
  24  2:31  Stalker  
  26  2:38  Probe (Chrono Boost)  
  27  2:48  Probe (Chrono Boost)  
  30  2:58  Probe (Chrono Boost)  
  30  2:59  Probe (Chrono Boost)  
  32  3:07  Probe (Chrono Boost)  
  32  3:08  Probe (Chrono Boost)  
  32  3:09  Gateway  
  32  3:12  Probe (Chrono Boost)  
  33  3:20  Forge  
  33  3:22  Probe  
  33  3:24  Stalker  
  36  3:29  Probe  
  37  3:34  Probe  
  37  3:38  Pylon  
  38  3:47  Probe (Chrono Boost)  
  39  3:53  Probe (Chrono Boost)  
  41  4:03  Stalker x2  
  41  4:04  Probe x2 (Chrono Boost)  
  41  4:09  Probe (Chrono Boost)  
  46  4:11  Probe (Chrono Boost)  
  46  4:13  Stalker  
  50  4:20  Probe  
  51  4:29  Stalker  
  53  4:42  Pylon  
  53  4:49  Pylon  
  53  4:53  Probe, Gateway  
  53  4:58  Twilight Council  
  54  5:00  Assimilator  
  54  5:04  Assimilator, Pylon  
  54  5:06  Probe  
  55  5:07  Pylon, Stalker x2  
  55  5:08  Stalker  
  55  5:09  Pylon  
  61  5:18  Probe  
  60  5:30  Probe  
  60  5:33  Stalker x2  
  60  5:34  Stalker  
  62  5:39  Photon Cannon  
  62  5:42  Probe, Photon Cannon  
  63  5:46  Photon Cannon  
  55  6:04  Stalker x3  
  55  6:05  Stalker  
  55  6:08  Probe (Chrono Boost)  
  64  6:17  Probe (Chrono Boost)  
  66  6:18  Probe (Chrono Boost)  
  66  6:20  Protoss Ground Weapons Level 1  
  66  6:23  Blink  
  66  6:25  Probe (Chrono Boost)  
  68  6:27  Probe (Chrono Boost)  
  68  6:30  Probe (Chrono Boost)  
  63  6:34  Probe  
  63  6:39  Probe  
  54  6:43  Stalker x2  
  54  6:44  Stalker x2  
  54  6:46  Probe  
  56  6:51  Probe  
  56  6:53  Photon Cannon  
  57  7:04  Probe  
  58  7:16  Probe  
  59  7:23  Nexus  
  59  7:24  Pylon  
  59  7:26  Pylon  
  59  7:28  Probe  
  60  7:55  Robotics Facility  
  60  7:58  Robotics Facility  
  60  8:04  Assimilator  
  60  8:07  Probe  
  60  8:09  Assimilator  
  61  8:19  Probe  
  62  8:21  Stargate x2  
  62  8:24  Stargate  
  62  8:25  Stargate  
  62  8:29  Stalker  
  62  8:30  Stalker x2  
  62  8:31  Probe  
  69  8:35  Stargate  
  69  8:45  Probe (Chrono Boost)  
  70  8:49  Protoss Air Armor Level 1, Probe (Chrono Boost)  
  71  9:00  Probe (Chrono Boost)  
  71  9:01  Probe (Chrono Boost), Stalker x2  
  71  9:02  Stalker x2  
  81  9:05  Probe (Chrono Boost)  
  81  9:09  Void Ray  
  86  9:16  Probe, Void Ray  
  91  9:23  Probe  
  92  9:28  Probe  
  90  9:35  Probe  
  91  9:40  Probe (Chrono Boost)  
  91  9:43  Pylon  
  92  9:46  Pylon  
  92  9:52  Probe x2 (Chrono Boost)  
  94  9:56  Void Ray  
  94  9:58  Void Ray  
  103  10:00  Probe (Chrono Boost)  
  103  10:02  Probe (Chrono Boost)  
  103  10:06  Probe  
  104  10:07  Void Ray  
  104  10:12  Probe  
  104  10:13  Void Ray  
  114  10:18  Probe  
  115  10:22  Void Ray  
  119  10:30  Photon Cannon  
  119  10:38  Photon Cannon  
  114  11:00  Probe (Chrono Boost)  
  115  11:07  Void Ray x4  
  115  11:11  Probe (Chrono Boost)  
  132  11:15  Probe (Chrono Boost)  
  133  11:26  Pylon  
  133  11:27  Protoss Air Weapons Level 1  
  133  11:29  Pylon  
  133  11:34  Pylon  
  133  11:44  Probe, Void Ray  
  133  11:46  Nexus  
  138  11:48  Assimilator  
  138  11:53  Assimilator  
  137  11:56  Probe  
  137  12:28  Probe  
  138  12:35  Void Ray x4  
  154  12:40  Probe  
  155  12:47  Pylon  
  155  12:49  Pylon  
  155  12:51  Pylon  
  155  12:52  Probe  
  155  12:54  Pylon  
  155  12:57  Void Ray  
  160  13:01  Fleet Beacon  
  160  13:05  Probe  
  157  13:17  Probe, Void Ray  
  157  13:18  Void Ray  
  166  13:36  Pylon  
  166  13:37  Pylon  
  166  13:40  Pylon, Void Ray x3  
  178  13:44  Unknown  
  178  14:00  Void Ray x2  
  178  14:02  Photon Cannon  
  186  14:07  Photon Cannon  
  186  14:10  Probe (Chrono Boost), Protoss Air Armor Level 2  
  186  14:12  Photon Cannon  
  187  14:20  Probe (Chrono Boost)  
  187  14:22  Tempest  
  193  14:25  Probe (Chrono Boost)  
  193  14:26  Tempest  
  199  14:32  Protoss Shields Level 1  
  199  14:36  Probe  
  152  15:39  Tempest  
  152  15:40  Tempest x4  
  167  16:19  Nexus  
  145  16:49  Stalker x3  
  145  16:50  Stalker  
Show
View Real Time Build Order
Export as new Build Order

Schraube Protoss 

Build Orders:  

Get SALT Encoding   

  12  0:01  Probe (Chrono Boost)  
  13  0:11  Probe (Chrono Boost)  
  14  0:19  Pylon  
  14  0:22  Probe  
  15  0:37  Probe  
  15  0:40  Gateway  
  16  0:49  Probe  
  17  0:54  Gateway  
  17  1:01  Probe (Chrono Boost)  
  18  1:13  Probe (Chrono Boost)  
  18  1:16  Pylon  
  19  1:18  Assimilator, Probe (Chrono Boost)  
  20  1:28  Cybernetics Core  
  20  1:29  Probe  
  21  1:39  Assimilator  
  21  1:41  Probe  
  22  1:53  Probe  
  23  2:05  Adept x2  
  27  2:18  Nexus  
  27  2:35  Adept x2  
  31  2:48  Forge  
  31  2:53  Stargate  
  31  3:06  Pylon  
  31  3:24  Adept x2  
  28  4:16  Stalker x2  
  18  4:54  Probe  
  19  5:03  Pylon  
  19  5:06  Probe x2  
  21  5:08  Photon Cannon  
  21  5:18  Probe x2  
  21  5:20  Oracle  
  26  5:30  Probe  
  26  5:31  Probe  
  28  5:37  Pylon  
  28  5:41  Stalker  
  30  5:43  Probe (Chrono Boost)  
  31  5:54  Probe (Chrono Boost)  
  32  6:06  Stalker  
  32  6:10  Probe (Chrono Boost)  
  32  6:11  Stalker  
  37  6:14  Probe (Chrono Boost)  
  38  6:24  Probe (Chrono Boost)  
  39  6:29  Probe (Chrono Boost)  
  40  7:04  Probe  
  38  7:08  Probe  
  38  7:13  Void Ray  
  43  7:15  Stalker  
  43  7:16  Probe, Stalker  
  43  7:20  Probe  
  49  7:26  Cybernetics Core  
  49  7:29  Probe  
  50  7:32  Probe  
  51  7:41  Probe  
  51  7:43  Assimilator  
  52  7:48  Assimilator  
  52  7:53  Probe  
  52  7:54  Photon Cannon  
  53  8:00  Photon Cannon  
  53  8:05  Probe  
  54  8:07  Void Ray  
  58  8:17  Probe  
  59  8:21  Probe  
  57  8:29  Probe  
  57  8:33  Probe  
  59  8:37  Protoss Shields Level 1  
  59  8:41  Probe  
  59  8:45  Probe  
  57  8:53  Protoss Air Weapons Level 1  
  50  8:57  Protoss Air Armor Level 1  
  46  9:14  Probe  
  47  9:23  Probe  
  48  9:26  Probe, Void Ray  
  48  9:28  Stalker  
  55  9:35  Probe  
  55  9:38  Probe  
  50  9:47  Probe  
  51  9:55  Photon Cannon  
  51  9:59  Probe  
  52  10:11  Probe  
  53  10:19  Photon Cannon  
  53  10:21  Photon Cannon  
  53  10:22  Probe  
  54  10:34  Probe  
  46  10:53  Void Ray  
  46  10:55  Stalker x2  
  54  11:01  Probe  
  54  11:03  Probe  
  56  11:14  Probe  
  56  11:16  Probe  
  58  11:26  Probe  
  58  11:28  Probe  
  60  11:38  Probe  
  60  11:39  Photon Cannon  
  61  11:43  Stalker  
  61  11:44  Stalker  
  65  12:21  Nexus  
  65  12:40  Pylon  
  65  12:42  Twilight Council  
  65  12:44  Fleet Beacon  
  65  12:47  Robotics Facility  
  65  12:50  Probe  
  65  12:51  Pylon  
  66  13:00  Stargate  
  66  13:10  Probe x2  
  68  13:22  Probe x2  
  70  13:34  Probe x2  
  70  13:35  Probe  
  73  13:45  Assimilator  
  73  13:46  Probe  
  73  13:47  Probe x2  
  76  13:48  Assimilator  
  76  13:52  Observer, Pylon  
  76  13:54  Pylon  
  77  13:58  Probe  
  77  13:59  Probe x2, Void Ray  
  84  14:11  Probe  
  84  14:13  Void Ray  
  89  14:23  Probe  
  90  14:41  Protoss Air Weapons Level 2, Unknown  
  90  14:42  Protoss Air Armor Level 2  
  78  15:55  Photon Cannon  
  66  15:57  Photon Cannon  
  66  15:59  Photon Cannon  
  66  16:03  Photon Cannon  
  50  16:11  Stalker x2  
  50  16:14  Void Ray x2  
  44  16:45  Stargate  
  46  16:48  Stargate  
Tags
 
Add a new tag
Caveats
  • Supply blocks, unpowered buildings, or Contaminate may cause inaccurate times.
  • Supply counts are checked every 10 seconds.